 Dungeon Crawl Stone Soup version 0.30-a0-459-g9104f0fc43 (webtiles) character file.

Game seed: 5515632470393481785

117 Darkkill the Shooter (level 4, -1/40 HPs)
             Began as a Minotaur Hunter on Dec 15, 2022.
             Was an Initiate of Gozag.
             Slain by a gnoll
             ... wielding a +2 spear of pain
              (2 damage)
             ... on level 3 of the Dungeon.
             The game lasted 00:02:17 (2129 turns).

Darkkill the Shooter (Minotaur Hunter)              Turns: 2129, Time: 00:02:17

Health: -1/40      AC:  3    Str: 16    XL:     4   Next: 71%
Magic:  3/3        EV: 12    Int:  6    God:    Gozag
Gold:   211        SH:  0    Dex: 15    Spells: 3/3 levels left

rFire   . . .      SeeInvis .    a - +0 shortbow
rCold   . . .      Faith    .    (shield currently unavailable)
rNeg    . . .      Spirit   .    c - +0 leather armour
rPois   .          Reflect  .    (helmet restricted)
rElec   .          Harm     .    (no cloak)
rCorr   .          Rampage  .    (no gloves)
Will    .....                    (no boots)
Stlth   +.........               (no amulet)
HPRegen 0.26/turn                (no ring)
MPRegen 0.08/turn                (no ring)

@: confused
A: horns 2, retaliatory headbutt
a: Renounce Religion, Potion Petition, Call Merchant, Bribe Branch


You were on level 3 of the Dungeon.
You worshipped Gozag.
Gozag was aware of your devotion.
You visited 1 branch of the dungeon, and saw 3 of its levels.

You collected 253 gold pieces.
You paid 42 gold pieces to Gozag.

Inventory:

Hand Weapons
 a - a +0 shortbow (weapon)
Missiles
 g - 16 stones
 h - a throwing net {=f !f}
 j - 5 poisoned darts
Armour
 c - a +0 leather armour (worn)
Jewellery
 d - an amulet of the acrobat
Scrolls
 b - a scroll of immolation
Potions
 e - a potion of flight {unknown}
 f - a potion of brilliance {unknown}
 i - 3 potions of lignification {unknown}


   Skills:
 + Level 3.7 Fighting
 + Level 5.1 Ranged Weapons
 + Level 3.2 Dodging
 + Level 2.0 Stealth


You had 3 spell levels left.
You didn't know any spells.
Your spell library contained the following spells:

 Spells                   Type           Power      Damage    Failure   Level
 Apportation              Tloc           0%         N/A       52%         1
 Magic Dart               Conj           0%         1d3       52%         1
 Slow                     Hex            0%         N/A       52%         1
 Call Imp                 Summ           0%         N/A       67%         2
 Confusing Touch          Hex            0%         N/A       88%         3
 Mephitic Cloud           Conj/Pois/Air  0%         N/A       88%         3
 Vampiric Draining        Necr           0%         2d6       88%         3
 Alistair's Intoxication  Tmut/Pois      0%         N/A       100%        5


Dungeon Overview and Level Annotations

Branches:
Dungeon (3/15)

Altars:
Gozag
Okawaru


Innate Abilities, Weirdness & Mutations

You have a pair of horns on your head.
You reflexively headbutt those who attack you in melee.


Message History

You now have 211 gold pieces (gained 3).
h - a throwing net {=f !f} You see here a +0 dagger.
A gnoll comes into view. It is wielding a +0 club.
Found a silver ring.
A gnoll is nearby!
You shoot an arrow. The arrow hits the gnoll!
The gnoll is severely wounded.
You shoot an arrow. The arrow hits the gnoll!
You kill the gnoll!
A hobgoblin comes into view.
Things that are here:
8 gold pieces; a +0 flail You shoot an arrow.
The arrow closely misses the hobgoblin.
A hobgoblin is nearby!
You shoot an arrow. The arrow hits the hobgoblin.
The hobgoblin is almost dead.
A hobgoblin is nearby!
You shoot an arrow. The arrow barely misses the hobgoblin.
A hobgoblin is nearby!
You shoot an arrow. The arrow closely misses the hobgoblin.
A gnoll comes into view. It is wielding a +2 spear of pain.
An orc wizard comes into view.
It is wielding a +0 dagger and wearing a +0 robe of willpower.
The hobgoblin closely misses you.
An orc comes into view. It is wielding a +0 hand axe.
There are monsters nearby!
You shoot an arrow. The arrow barely misses the hobgoblin.
The gnoll shouts!
The orc shouts!
The hobgoblin hits you.
There are monsters nearby!
You shoot an arrow. The arrow closely misses the hobgoblin.
An orc comes into view. It is wielding a +0 dagger.
The hobgoblin hits you.
There are monsters nearby!
You shoot an arrow. The orc shouts!
The arrow hits the hobgoblin!
You kill the hobgoblin!
The orc wizard casts a spell at you. You resist with some effort.
There are monsters nearby!
You shoot an arrow. The arrow closely misses the gnoll.
An orc comes into view. It is wielding a +0 mace.
The orc wizard gestures at you while chanting.
The magic dart hits you!
The gnoll is distracted by your dazzling golden aura.
There are monsters nearby!
You shoot an arrow. The arrow hits the gnoll.
The gnoll is no longer distracted by gold.
The gnoll is moderately wounded.
The gnoll hits you from afar with a +2 spear of pain.
There are monsters nearby!
You are too injured to fight recklessly!
There are monsters nearby!
You are too injured to fight recklessly!
There are monsters nearby!
There are monsters nearby!
You are too injured to fight recklessly!
There are monsters nearby!
You are too injured to fight recklessly!
You are too injured to fight recklessly!
There are monsters nearby!
Fire: a) +0 shortbow
Press: ? - help, Q - select action, (/) - cycle Shift-Dir - straight line, f/p - gnoll
Aim: a gnoll, wielding a +2 spear of pain (moderately wounded, 65% to hit)
You shoot an arrow. The arrow closely misses the orc.
The arrow barely misses the gnoll.
The orc misses you.
The gnoll hits you from afar with a +2 spear of pain.
A quokka comes into view.
Fire: a) +0 shortbow
Press: ? - help, Q - select action, (/) - cycle Shift-Dir - straight line, f/p - gnoll
Aim: a gnoll, wielding a +2 spear of pain (moderately wounded, 65% to hit)
You shoot an arrow. The arrow hits the orc!
You kill the orc!
The gnoll barely misses you.
The orc wizard gestures at you while chanting.
The magic dart hits you! The orc hits you with a +0 dagger.
* * * LOW HITPOINT WARNING * * *
The orc wizard casts a spell at you.
You are confused.
The gnoll barely misses you.
Non-targeted confused fire: a) +0 shortbow
Press: ? - help, Q - select action, (/) - cycle Dir - look around, f - activate You shoot an arrow.
The arrow hits the orc wizard.
The orc wizard is lightly wounded.
The orc wizard hits you with a +0 dagger.
* * * LOW HITPOINT WARNING * * *
The orc hits you with a +0 dagger.
* * * LOW HITPOINT WARNING * * *
A goblin comes into view. It is wielding a +0 spear.
The gnoll hits you from afar with a +2 spear of pain.
* * * LOW HITPOINT WARNING * * *
Non-targeted confused fire: a) +0 shortbow
Press: ? - help, Q - select action, (/) - cycle Dir - look around, f - activate You shoot an arrow.
The goblin shouts!
The gnoll hits you from afar with a +2 spear of pain.
You die...
Your body crumbles into a pile of gold.

#.## .#.## #. g#
###.## #.#####.# #
##.## #.......# ##)#
.###$......## #
##..###......=..r..
###.....<.......g.$#
.#.##..##### #..ooo#
#.####.#########@#
### #........)..#
#############


You could see an orc wizard, a gnoll, 2 orcs, a quokka and a goblin.

Vanquished Creatures
  Natasha (D:3)
  3 gnolls (D:3)
  An adder (D:2)
  A worm (D:3)
  An orc (D:3)
  3 endoplasms
  4 giant cockroaches
  9 goblins
  6 hobgoblins
  7 kobolds
  A quokka (D:1)
  5 bats
  3 frilled lizards
  2 rats (D:1)
47 creatures vanquished.

Vanquished Creatures (others)
  2 plants (D:3)
2 creatures vanquished.

Grand Total: 49 creatures vanquished

Notes
Turn   | Place    | Note
-------+----------+-------------------------------------------
     0 | D:1      | Darkkill the Minotaur Hunter began the quest for the Orb.
     0 | D:1      | Reached XP level 1. HP: 18/18 MP: 0/0
    25 | D:1      | Reached skill level 1 in Stealth
   100 | D:1      | Reached XP level 2. HP: 25/25 MP: 1/1
   215 | D:1      | Found an iron altar of Okawaru.
   480 | D:1      | You fall into a shaft and drop 1 floor!
   708 | D:2      | Found an opulent altar of Gozag.
   768 | D:2      | Reached XP level 3. HP: 30/31 MP: 2/2
   812 | D:2      | Became a worshipper of Gozag Ym Sagoz the Greedy
  1918 | D:3      | Noticed Natasha
  1930 | D:3      | Killed Natasha
  1931 | D:3      | Reached XP level 4. HP: 22/38 MP: 3/3
  2108 | D:3      | Reached skill level 5 in Ranged Weapons
  2128 | D:3      | HP: 5/40 [orc/+0 dagger (4)]
  2128 | D:3      | HP: 1/40 [gnoll/+2 spear of pain (4)]
  2129 | D:3      | Slain by a gnoll

Illustrated notes

Levels and vault maps discovered:
D:1:      saegor_arrival_under_anarchy, layout_rooms, minmay_hexomino_r4
D:2:      layout_basic, basic_altar
D:3:      corexii_shack_village, layout_loops_ring,
          mainiacjoe_overflow_alcove_2, uniq_natasha

Skill      XL: |  1  2  3  4 |
---------------+-------------+-----
Stealth        | 1 2 |  2.0
Fighting       | 3 |  3.7
Dodging        | 3 |  3.2
Ranged Weapons | 5 |  5.1

Action                   |  1- 3 |  4- 6 || total
-------------------------+-------+-------++-------
 Fire: Shortbow          |   114 |    28 ||   142
  Use: Scroll            |     5 |       ||     5
Armor: Leather armour    |     2 |       ||     2
Dodge: Dodged            |    28 |     8 ||    36

Table legend: (Time is in decaauts)
 A = Elapsed time spent in this place.
 B = Non-inter-level travel time spent in this place.
 C = Inter-level travel time spent in this place.
 D = Time resting spent in this place.
 E = Time spent auto-exploring this place.
 F = Levels seen in this place.
 G = Mean time per level.
                   A        B        C        D        E       F      G
               +--------+--------+--------+--------+--------+-----+--------+
         Total |   2171 |   1873 |    298 |      0 |   1585 |   3 |  723.7 |
       Dungeon |   2171 |   1873 |    298 |      0 |   1585 |   3 |  723.7 |
               +--------+--------+--------+--------+--------+-----+--------+

Top non-repeatable levels by time:
     D:2: 1274 daAuts
     D:1: 611 daAuts
     D:3: 286 daAuts

Table legend:
 A = Kills in this place as a percentage of kills in entire the game.
 B = Kills by you in this place as a percentage of kills by you in the entire game.
 C = Kills by friends in this place as a percentage of kills by friends in the entire game.
 D = Other kills in this place as a percentage of other kills in the entire game.
 E = Experience gained in this place as a percentage of experience gained in the entire game.
 F = Experience gained in this place divided by the number of levels of this place that you have seen.
                   A       B       C       D       E      F
               +-------+-------+-------+-------+-------+----------------------
         Total | 100.0 | 100.0 |   N/A |   N/A | 100.0 |  56.0
       Dungeon | 100.0 | 100.0 |   N/A |   N/A | 100.0 |  56.0
               +-------+-------+-------+-------+-------+----------------------
